 Dungeon Crawl Stone Soup version 0.31-a0-43-g46d131a48f (webtiles) character file.

Game seed: 5478786491238706158

2 lunkers the Firebug (level 1, 0/16 HPs)
             Began as a Meteoran Wanderer on May 18, 2023.
             Slain by an endoplasm (3 damage)
             ... on level 1 of the Dungeon.
             The game lasted 00:02:04 (128 turns).

lunkers the Firebug (Meteoran Wanderer)              Turns: 128, Time: 00:02:05

Health: 0/16       AC:  2    Str:  9    XL:     1   Next: 42%
Magic:  0/3        EV: 11    Int: 17    God:
Gold:   0          SH:  0    Dex: 13    Spells: 1/2 levels left

rFire   . . .        a - +0 dagger
rCold   . . .        (no shield)
rNeg    . . .        b - +0 robe
rPois   .            (no helmet)
rElec   .            (no cloak)
rCorr   .            (no gloves)
SInv    .            (no boots)
Will    .....        (no amulet)
Stlth   +            (no ring)
HPRegen 0.22/turn    (no ring)
MPRegen 0.08/turn

%: no passive effects
@: glowing
A: sense surroundings 1, otherworldly, glowing, explore regen
a: no special abilities


You were on level 1 of the Dungeon.
You visited 1 branch of the dungeon, and saw 1 of its levels.

Inventory:

Hand Weapons
 a - a +0 dagger (weapon)
Armour
 b - a +0 robe (worn)
Scrolls
 d - 2 scrolls of poison
 e - a scroll of noise {unknown}
Potions
 c - 2 potions of attraction


   Skills:
 - Level 1.1 Fighting
 - Level 1.3 Spellcasting
 * Level 3.8 Summonings
 - Level 6.0 Fire Magic


You had one spell level left.
You knew the following spells:

 Your Spells              Type           Power      Damage    Failure   Level
p - Foxfire               Conj/Fire      44%        2x1d6     6%          1

Your spell library contained the following spells:

 Spells                   Type           Power      Damage    Failure   Level
 Summon Small Mammal      Summ           56%        N/A       4%          1
 Inner Flame              Hex/Fire       11%        N/A       19%         3
 Confusing Touch          Hex            1%         N/A       52%         3
 Portal Projectile        Hex/Tloc       2%         N/A       52%         3
 Summon Ice Beast         Ice/Summ       7%         N/A       67%         4
 Summon Lightning Spire   Summ/Air       7%         N/A       67%         4
 Yara's Violent Unravell  Hex/Tmut       0%         3d3       99%         5
 Iron Shot                Conj/Erth      0%         9d1       100%        6


Dungeon Overview and Level Annotations

Branches:
Dungeon (1/15) Zot: 471

Altars:


Innate Abilities, Weirdness & Mutations

You passively map a small area around you.
You are easily found by Zot.
You glow in the dark.
You regain HP and MP as you explore.


Message History

You closely miss the kobold. The kobold hits you with a +0 dagger.
You hit the endoplasm.
The endoplasm is lightly wounded.
The endoplasm freezes you.
You are frozen.
The hobgoblin hits you but does no damage.
The kobold hits you with a +0 dagger.
You hit the endoplasm but do no damage.
The endoplasm is lightly wounded.
The endoplasm freezes you.
You are frozen.
The hobgoblin hits you.
* * * LOW HITPOINT WARNING * * *
The kobold hits you with a +0 dagger.
* * * LOW HITPOINT WARNING * * *
Casting: Foxfire (safe; 6% risk of failure)
Press: ? - help, Q - select action Dir - look around, f - activate You conjure some foxfire!
The kobold hits you with a +0 dagger.
* * * LOW HITPOINT WARNING * * *
The endoplasm misses you. The hobgoblin hits you.
* * * LOW HITPOINT WARNING * * *
Your foxfire dissipates!
The hobgoblin attacks as you move away! The hobgoblin barely misses you.
The foxfire hits the kobold.
You kill the kobold!
There is an open door here.
The endoplasm attacks as you move away! The endoplasm hits you.
* * * LOW HITPOINT WARNING * * *
Casting: Foxfire (safe; 6% risk of failure)
Press: ? - help, Q - select action Dir - look around, f - activate You conjure some foxfire!
The endoplasm barely misses you.
Unknown command.
Casting: Foxfire (safe; 6% risk of failure)
Press: ? - help, Q - select action Dir - look around, f - activate You conjure some foxfire!
The foxfire hits the hobgoblin.
The hobgoblin is severely wounded.
The endoplasm hits you.
You die...

#.......#'####### ,
#...#...#.# ,
######...#...#.#
#........#...#.# ### ,
##.###...##..#.# #.., , ,
* #.# #.......#r# #.# ..#
* #.# #...###..g## #.# #.#
## #.# #...# #.#J.# #.#
#.# #. #.# #...#
#.#@v###.####.#####. #.#
#...# #..vv....#*....#...≈
#.#
#...###....##.###*#.#..≈≈.
#.#
#..........##...###...≈...
#.#
##.........####........≈≈≈
#.#
###.#.....#######........
#.#
#.#....................
#.#
#.#....#########.......
#.# #......# * #####.>.


You could see an endoplasm (ally target), a hobgoblin and a rat.

Vanquished Creatures
  A giant cockroach (D:1)
  A kobold (D:1)
2 creatures vanquished.

Vanquished Creatures (others)
  6 foxfires (D:1)
6 creatures vanquished.

Grand Total: 8 creatures vanquished

Notes
Turn   | Place    | Note
-------+----------+-------------------------------------------
     0 | D:1      | lunkers the Meteoran Wanderer began the quest for the Orb.
     0 | D:1      | lunkers set off with the following items: a +0 dagger, a +0
                  | robe, 2 potions of attraction; and the following spells
                  | available to memorise: Summon Small Mammal, Foxfire, Inner
                  | Flame, Summon Ice Beast, Summon Lightning Spire.
     0 | D:1      | Reached XP level 1. HP: 16/16 MP: 3/3
     1 | D:1      | Got Lausece's Discourse on the Doomed Mesa
    16 | D:1      | Learned a level 1 spell: Foxfire
   128 | D:1      | Slain by an endoplasm

Illustrated notes

Levels and vault maps discovered:
D:1:      ebering_trefoil_3fold, layout_basic,
          shapermc_ecumenical_altar_hornbeckon,
          nicolae_concentric_dashed_squares_mild

Action                     || total
---------------------------++-------
  Melee: Dagger            ||     4
   Cast: Foxfire           ||     6
    Use: Scroll            ||     1
 Armour: Robe              ||     1
  Dodge: Dodged            ||     5

Table legend: (Time is in decaauts)
 A = Elapsed time spent in this place.
 B = Non-inter-level travel time spent in this place.
 C = Inter-level travel time spent in this place.
 D = Time resting spent in this place.
 E = Time spent auto-exploring this place.
 F = Levels seen in this place.
 G = Mean time per level.
                   A        B        C        D        E       F      G
               +--------+--------+--------+--------+--------+-----+--------+
         Total |    128 |    128 |      0 |      0 |     88 |   1 |  128.0 |
       Dungeon |    128 |    128 |      0 |      0 |     88 |   1 |  128.0 |
               +--------+--------+--------+--------+--------+-----+--------+

Top non-repeatable levels by time:
     D:1: 128 daAuts
